 Dungeon Crawl Stone Soup version 0.25-a0-942-g87a53962fc (webtiles) character file.

Game seed: 15696416051163291350, levelgen mode: classic

55 Amnesiac the Magician (level 3, -2/19 HPs)
             Began as a Deep Elf Wizard on May 7, 2020.
             Slain by Sigmund
             ... wielding a +0 scythe
              (13 damage)
             ... on level 3 of the Dungeon.
             The game lasted 00:02:19 (571 turns).

Amnesiac the Magician (Deep Elf Wizard)              Turns: 571, Time: 00:02:20

Health: -2/19      AC:  2    Str:  4    XL:     3   Next: 67%
Magic:  0/11       EV: 13    Int: 23    God:
Gold:   76         SH:  0    Dex: 13    Spells: 1/12 levels left

rFire    . . .     SeeInvis .   (no weapon)
rCold    . . .     Gourm    .   (no shield)
rNeg     . . .     Faith    .   a - +0 robe
rPois    .         Spirit   .   b - +0 hat
rElec    .         Reflect  .   (no cloak)
rCorr    .         Harm     .   (no gloves)
MR       .....                  (no boots)
Stlth    ++........             (no amulet)
HPRegen  0.06/turn              f - ring of wizardry
MPRegen  0.12/turn              (no ring)

@: very slightly contaminated
A: no striking features
a: no special abilities


You were on level 3 of the Dungeon.
You were not hungry.

You visited 1 branch of the dungeon, and saw 3 of its levels.

You collected 76 gold pieces.

Inventory:

Missiles
 i - 14 poisoned darts (quivered)
Armour
 a - a +0 robe (worn)
 b - a +0 hat (worn)
Jewellery
 f - a ring of wizardry (left hand)
Scrolls
 c - a scroll of teleportation {!r, unknown}
 e - a scroll of identify {!r, unknown}
 k - a scroll of remove curse {!r, unknown}
Potions
 g - a potion of lignification {!q, unknown}
 j - a potion of heal wounds {!q, unknown}
 l - a potion of brilliance {!q, unknown}
Comestibles
 d - 2 rations
 h - 4 chunks of flesh


   Skills:
 - Level 2.4 Dodging
 + Level 2.5 Stealth
 + Level 5.1 Spellcasting
 * Level 3.2 Conjurations
 - Level 1.1 Summonings
 - Level 1.1 Translocations


You had one spell level left.
You knew the following spells:

 Your Spells              Type           Power        Failure   Level  Hunger
a - Magic Dart            Conj           ###.         1%          1    None
b - Call Imp              Summ           ##......     3%          2    None
e - Mephitic Cloud        Conj/Pois/Air  ##......     8%          3    ##.....
s - Conjure Flame         Conj/Fire      ##......     6%          3    ##.....
v - Blink                 Tloc           N/A          3%          2    None

Your spell library contained the following spells:

 Spells                   Type           Power        Failure   Level  Hunger
 Slow                     Hex            #.......     6%          2    None


Dungeon Overview and Level Annotations

Branches:
Dungeon (3/15)

Altars:

Annotations:
D:3 Sigmund


Message History

Casting: Magic Dart (safe; 1% risk of failure)
Confirm with . or Enter, or press ? or * to list all spells.
Aiming: Magic Dart (safe; 1% risk of failure)
Press: ? - help, Shift-Dir - straight line, f/p - Sigmund
Aim: Sigmund, wielding a +0 scythe and wearing a +0 robe (noxious fumes, lightly wounded, confused)
The magic dart hits Sigmund.
Sigmund is lightly wounded.
Sigmund is engulfed in noxious fumes.
Sigmund appears confused.
Casting: Magic Dart (safe; 1% risk of failure)
Confirm with . or Enter, or press ? or * to list all spells.
Aiming: Magic Dart (safe; 1% risk of failure)
Press: ? - help, Shift-Dir - straight line, f/p - Sigmund
Aim: Sigmund, wielding a +0 scythe and wearing a +0 robe (noxious fumes, lightly wounded, confused)
The magic dart hits Sigmund but does no damage.
Sigmund is lightly wounded.
Sigmund is engulfed in noxious fumes.
Sigmund appears confused.
Sigmund looks very confused.
Sigmund is engulfed in noxious fumes.
Sigmund appears confused.
Casting: Magic Dart (safe; 1% risk of failure)
Confirm with . or Enter, or press ? or * to list all spells.
Aiming: Magic Dart (safe; 1% risk of failure)
Press: ? - help, Shift-Dir - straight line, f/p - Sigmund
Aim: Sigmund, wielding a +0 scythe and wearing a +0 robe (moderately wounded, confused)
The magic dart hits Sigmund.
Sigmund is moderately wounded.
Casting: Magic Dart (safe; 1% risk of failure)
Confirm with . or Enter, or press ? or * to list all spells.
Aiming: Magic Dart (safe; 1% risk of failure)
Press: ? - help, Shift-Dir - straight line, f/p - Sigmund
Aim: Sigmund, wielding a +0 scythe and wearing a +0 robe (moderately wounded, confused)
The magic dart hits Sigmund.
Sigmund is heavily wounded.
Casting: Magic Dart (safe; 1% risk of failure)
Confirm with . or Enter, or press ? or * to list all spells.
Aiming: Magic Dart (safe; 1% risk of failure)
Press: ? - help, Shift-Dir - straight line, f/p - Sigmund
Aim: Sigmund, wielding a +0 scythe and wearing a +0 robe (heavily wounded, confused)
The magic dart hits Sigmund.
Sigmund is severely wounded.
Casting: Magic Dart (safe; 1% risk of failure)
Confirm with . or Enter, or press ? or * to list all spells.
Aiming: Magic Dart (safe; 1% risk of failure)
Press: ? - help, Shift-Dir - straight line, f/p - Sigmund
Aim: Sigmund, wielding a +0 scythe and wearing a +0 robe (severely wounded, confused)
You miscast Magic Dart.
You are very lightly contaminated with residual magic.
Nothing appears to happen.
Sigmund hits you with a +0 scythe!
Casting: Magic Dart (safe; 1% risk of failure)
Confirm with . or Enter, or press ? or * to list all spells.
Aiming: Magic Dart (safe; 1% risk of failure)
Press: ? - help, Shift-Dir - straight line, f/p - Sigmund
Aim: Sigmund, wielding a +0 scythe and wearing a +0 robe (severely wounded, confused)
The magic dart hits Sigmund.
Sigmund is severely wounded.
Casting: Magic Dart (safe; 1% risk of failure)
Confirm with . or Enter, or press ? or * to list all spells.
Aiming: Magic Dart (safe; 1% risk of failure)
Press: ? - help, Shift-Dir - straight line, f/p - Sigmund
Aim: Sigmund, wielding a +0 scythe and wearing a +0 robe (severely wounded, confused)
The magic dart hits Sigmund.
Sigmund is almost dead.
Sigmund hits you with a +0 scythe!
Ouch! That really hurt!
You die...

..
.####.
###.#...
#.....#
##.....#
......#
#@....#
#@(...#
###.###
#


You could see Sigmund (confused).

Vanquished Creatures
  Jessica (D:2)
  2 adders (D:2)
  2 dart slugs
  A bat (D:2)
  A kobold (D:1)
  A quokka (D:2)
  A frilled lizard (D:1)
  A rat (D:2)
10 creatures vanquished.

Notes
Turn   | Place    | Note
-------+----------+-------------------------------------------
     0 | D:1      | Amnesiac the Deep Elf Wizard began the quest for the Orb.
     0 | D:1      | Reached XP level 1. HP: 10/10 MP: 7/7
   238 | D:2      | Reached XP level 2. HP: 15/15 MP: 2/9
   242 | D:2      | Learned a level 2 spell: Blink
   245 | D:2      | Learned a level 2 spell: Call Imp
   348 | D:2      | Noticed Jessica
   353 | D:2      | Killed Jessica
   353 | D:2      | Reached skill level 5 in Spellcasting
   353 | D:2      | Reached XP level 3. HP: 19/19 MP: 5/11
   358 | D:2      | Learned a level 3 spell: Conjure Flame
   362 | D:2      | Learned a level 3 spell: Mephitic Cloud
   561 | D:3      | Noticed Sigmund
   571 | D:3      | Slain by Sigmund

Levels and vault maps discovered:
D:1:      ebering_trefoil_twist, layout_loops_corners
D:2:      layout_basic, first_ration, minmay_misc_feat_square,
          minmay_stone_trees_medium, minmay_strange_pillars, corexii_shack,
          minmay_snake_closets, uniq_jessica
D:3:      minmay_bubble_buster, layout_loops_ring,
          nemelex_xobeh_ov_fountains_minmay, saegor_snake_ambush, uniq_terence,
          uniq_ijyb, uniq_sigmund

Skill      XL: |  1  2  3 |
---------------+----------+-----
Conjurations   | 2 3 |  3.2
Spellcasting   | 5 |  5.1
Dodging        | |  2.4
Stealth        | |  2.5
Summonings     | |  1.1
Translocations | |  1.1

Action                   || total
-------------------------++-------
 Cast: Magic Dart        ||    39
       Mephitic Cloud    ||     1

Table legend:
 A = Non-vault XP
 B = Vault XP
 C = Vault XP percentage of total XP
 D = Non-vault monster count
 E = Vault monster count
 F = Vault count percentage of total count
                 A         B        C        D         E       F
            +---------+---------+-------+---------+---------+-------
      Total |      42 |      37 |  46.8 |       9 |       1 |  10.0
            +---------+---------+-------+---------+---------+-------
        D:1 |       7 |       0 |   0.0 |       3 |       0 |   0.0
        D:2 |      35 |      37 |  51.4 |       6 |       1 |  14.3
            +---------+---------+-------+---------+---------+-------
